 Dungeon Sprint DCSS version 0.26-a0-831-g7192265339 (webtiles) character file.

Game seed: 15041195218604923194

15404 sahdkjhfkaj the Brawler (level 12, -48/220 (222) HPs)
             Began as a Troll Berserker on Nov 15, 2020.
             Was the Champion of Trog.
             Annihilated by Tiamat
             ... wielding a +6 demon trident of venom
              (53 damage)
             ... in the Dungeon (Sprint I: "Red Sonja").
             The game lasted 00:07:30 (3234 turns).

sahdkjhfkaj the Brawler (Troll Berserker)           Turns: 3234, Time: 00:07:30

HP:   -48/220 (222) AC:  8    Str: 32    XL:     12   Next: 0%
MP:   11/11         EV: 10    Int:  3    God:    Trog [******]
Gold: 540           SH:  0    Dex:  9    Spells: 11/11 levels left

rFire    + . .     SeeInvis .     - Unarmed
rCold    . . .     Faith    .   (no shield)
rNeg     . . .     Spirit   .   s - +2 robe {rF+}
rPois    .         Reflect  .   (helmet restricted)
rElec    .         Harm     .   (no cloak)
rCorr    .         Rampage  .   (gloves unavailable)
MR       .....     NoTele   +   (boots unavailable)
Stlth    ..........             (no amulet)
HPRegen  0.86/turn              (no ring)
MPRegen  0.12/turn              (no ring)

@: mighty, berserking (expiring), lethally poisoned (-48 -> -50), hasted, very
quick
A: large, unfitting armour, claws 3, regeneration 1, shaggy fur 1, tough skin 3
a: Berserk, Trog's Hand, Brothers in Arms, Renounce Religion


You were in the Dungeon.
You worshipped Trog.
Trog was exalted by your worship.
You visited 1 branch You collected 1325 gold pieces.
You spent 785 gold pieces at shops.

Inventory:

Armour
 s - a +2 robe of fire resistance (worn)
Jewellery
 n - an uncursed ring of ice
Wands
 a - a wand of digging (2)
 h - a wand of flame (35)
Scrolls
 g - 2 scrolls of blinking {!r}
 j - a scroll of identify {!r, unknown}
 k - 2 scrolls of remove curse {!r, unknown}
 m - a scroll of torment {!r, unknown}
 o - a scroll of vulnerability {!r, unknown}
 p - a scroll of magic mapping {!r, unknown}
Potions
 b - a potion of curing {!q}
 c - a potion of heal wounds {!q}
 e - 2 potions of magic {!q}
 f - a potion of berserk rage {!q}
 i - a potion of resistance {!q, unknown}
 l - a potion of might {!q}
Miscellaneous
 q - a condenser vane
 r - a lightning rod (4/4)
 t - a phantom mirror (inert)


   Skills:
 + Level 17.5 Fighting
 - Level 2.4 Dodging
 + Level 20.2 Unarmed Combat


You had 11 spell levels left.
You didn't know any spells.
Your spell library was empty.

Dungeon Overview and Level Annotations

Branches:
Dungeon (1/1)

Altars:
Cheibriados
Dithmenos
Elyvilon
Fedhas
Gozag
Hepliaklqana
Kikubaaqudgha
Makhleb
Nemelex Xobeh
Okawaru
Qazlal
Ru
Sif Muna
Trog
Uskayaw
Vehumet
Wu Jian
Xom
Yredelemnul
Zin
The Shining One
Jiyva
Lugonu

Shops:
D (([[?![?(*![}[?

Annotations:
D 1 exclusion, Tiamat


Innate Abilities, Weirdness & Mutations

You are too large for most types of armour.
You have claws for hands.
Your natural rate of healing is unusually fast.
You are covered in fur. (AC +1)
You have extremely tough skin. (AC +3)


Message History

Tiamat breathes frost at you. The chilling breath hits you!!
* * * LOW HITPOINT WARNING * * *
You completely miss Tiamat.
Tiamat is severely wounded.
You scratch Tiamat.
Tiamat is severely wounded.
You feel sick. Tiamat barely misses you. Tiamat tail-slaps you!!
* * * LOW HITPOINT WARNING * * *
Tiamat tail-slaps you but does no damage.
You mangle Tiamat!!
Tiamat is almost dead.
You feel sick.
You barely miss Tiamat.
Tiamat is almost dead.
You closely miss Tiamat.
Tiamat is almost dead.
You feel sick.
Tiamat hits you with a +6 demon trident of venom!!!
You die...

#.......§§§# #)# #'.'######§#
####)# #.......§#§#####
###....#
###......)#§§#..)#####...####
)[....§§.≈####.........###
[.......≈≈##.[)....#####
......≈≈≈###......##
#..≈≈≈≈### #)....##
'######'####....@#
########∩∩######d#
∩∩∩∩∩∩∩∩∩###≈≈≈≈≈≈≈≈
########## #####.####
#..0..'. #########


You could see Tiamat (catching breath).

Vanquished Creatures
  3 fire giants (D)
  2 centaur warriors (D)
  7 unseen horrors (D)
  A lindwurm (D)
  An oklob plant (D)
  2 kobold demonologists (D)
  3 demonic crawlers (D)
  A hornet (D)
  A slime creature (D)
  2 redbacks (D)
  Sigmund (D)
  A yak (D)
  11 hogs (D)
  2 floating eyes (D)
  7 necrophages (D)
  An ogre (D)
  8 jellies (D)
  Ijyb (D)
55 creatures vanquished.

Vanquished Creatures (collateral kills)
  A fire giant (D)
  A demonic crawler (D)
  2 hogs (D)
4 creatures vanquished.

Vanquished Creatures (others)
  the Lernaean hydra (D)
  A deep elf master archer (D)
  A merfolk siren (D)
  A gargoyle (D)
  4 hornets (D)
8 creatures vanquished.

Grand Total: 67 creatures vanquished

Notes
Turn   | Place    | Note
-------+----------+-------------------------------------------
     0 | D        | sahdkjhfkaj the Troll Berserker began the quest for the
                  | Orb.
     0 | D        | Reached XP level 1. HP: 22/22 MP: 0/0
     1 | D        | Noticed Ijyb
    16 | D        | Killed Ijyb
    17 | D        | Reached skill level 5 in Unarmed Combat
    17 | D        | Reached XP level 2. HP: 32/32 MP: 1/1
    67 | D        | Noticed an ogre
    73 | D        | Killed an ogre
    74 | D        | Reached skill level 7 in Unarmed Combat
    74 | D        | Reached XP level 3. HP: 44/44 MP: 2/2
    74 | D        | Reached XP level 4. HP: 52/52 MP: 3/3
   221 | D        | Noticed Sigmund
   228 | D        | Killed Sigmund
   228 | D        | Reached ** piety under Trog
   229 | D        | Reached skill level 9 in Unarmed Combat
   229 | D        | Reached XP level 5. HP: 63/63 MP: 4/4
   397 | D        | Found an ornate altar of the Wu Jian Council.
   397 | D        | Found a shimmering blue altar of Sif Muna.
   399 | D        | Found a radiant altar of Vehumet.
   404 | D        | Reached XP level 6. HP: 65/72 MP: 5/5
   435 | D        | Found Owekar's Weapon Emporium.
   435 | D        | Found an ancient bone altar of Kikubaaqudgha.
   435 | D        | Found a hazy altar of Hepliaklqana.
   435 | D        | Found a stormy altar of Qazlal.
   435 | D        | Found a hide-covered altar of Uskayaw.
   435 | D        | Found a blossoming altar of Fedhas.
   435 | D        | Found a bloodstained altar of Trog.
   435 | D        | Found an iron altar of Okawaru.
   435 | D        | Found a basalt altar of Yredelemnul.
   435 | D        | Found a glowing golden altar of the Shining One.
   435 | D        | Found a snail-covered altar of Cheibriados.
   435 | D        | Found a sacrificial altar of Ru.
   435 | D        | Found a glowing silver altar of Zin.
   435 | D        | Found a shadowy altar of Dithmenos.
   435 | D        | Found a white marble altar of Elyvilon.
   435 | D        | Noticed a yak
   439 | D        | Killed a yak
   440 | D        | Reached skill level 10 in Unarmed Combat
   440 | D        | Found an opulent altar of Gozag.
   441 | D        | Found a sparkling altar of Nemelex Xobeh.
   496 | D        | Found a burning altar of Makhleb.
   496 | D        | Found a viscous altar of Jiyva.
   496 | D        | Found a shimmering altar of Xom.
   496 | D        | Found a corrupted altar of Lugonu.
   496 | D        | Noticed a slime creature
   500 | D        | Killed a slime creature
   500 | D        | Reached *** piety under Trog
   501 | D        | Reached skill level 11 in Unarmed Combat
   501 | D        | Reached XP level 7. HP: 84/84 MP: 6/6
   570 | D        | Noticed a kobold demonologist
   570 | D        | Noticed a kobold demonologist
   572 | D        | Noticed a sixfirhy
   573 | D        | Reached skill level 10 in Fighting
   575 | D        | Noticed a hellwing
   580 | D        | Killed a kobold demonologist
   580 | D        | Noticed an orange demon
   581 | D        | Reached skill level 12 in Unarmed Combat
   586 | D        | Killed a kobold demonologist
   586 | D        | Reached **** piety under Trog
   587 | D        | Reached XP level 8. HP: 83/97 MP: 7/7
   666 | D        | Noticed a demonic crawler
   666 | D        | Noticed a demonic crawler
   666 | D        | Noticed a demonic crawler
   666 | D        | Noticed a demonic crawler
   669 | D        | Killed a demonic crawler
   670 | D        | Reached skill level 13 in Unarmed Combat
   671 | D        | Killed a demonic crawler
   679 | D        | Killed a demonic crawler
   685 | D        | Killed a demonic crawler
   686 | D        | Reached skill level 14 in Unarmed Combat
   686 | D        | Reached XP level 9. HP: 31/106 MP: 8/8
   944 | D        | Noticed a lindwurm
   950 | D        | Killed a lindwurm
  1147 | D        | Reached ***** piety under Trog
  1148 | D        | Reached skill level 15 in Unarmed Combat
  1153 | D        | Killed a gargoyle
  1164 | D        | Received a gift from Trog
  1171 | D        | Reached skill level 16 in Unarmed Combat
  1171 | D        | Reached XP level 10. HP: 120/120 MP: 9/9
  1227 | D        | Killed a merfolk siren
  1428 | D        | Noticed a daeva
  1433 | D        | Noticed an unseen horror
  1433 | D        | Noticed an unseen horror
  1434 | D        | Noticed an unseen horror
  1435 | D        | Noticed an unseen horror
  1440 | D        | Killed an unseen horror
  1441 | D        | Killed an unseen horror
  1441 | D        | Received a gift from Trog
  1444 | D        | Killed an unseen horror
  1445 | D        | Reached skill level 17 in Unarmed Combat
  1446 | D        | Killed an unseen horror
  1456 | D        | Killed the 27-headed Lernaean hydra
  1710 | D        | Killed an unseen horror
  1711 | D        | Reached skill level 15 in Fighting
  1746 | D        | Noticed a fire giant
  1747 | D        | Noticed a fire giant
  1758 | D        | Killed a fire giant
  1759 | D        | Reached skill level 18 in Unarmed Combat
  1759 | D        | Reached XP level 11. HP: 133/133 MP: 10/10
  1811 | D        | Noticed a fire giant
  1815 | D        | Killed a fire giant
  1831 | D        | Killed a fire giant
  1870 | D        | Killed a deep elf master archer
  1970 | D        | Noticed a fire giant
  1985 | D        | Killed a fire giant
  1985 | D        | Received a gift from Trog
  1986 | D        | Reached skill level 19 in Unarmed Combat
  2126 | D        | Noticed a centaur warrior
  2126 | D        | Noticed a centaur warrior
  2132 | D        | Killed a centaur warrior
  2134 | D        | Killed a centaur warrior
  2325 | D        | Noticed an oklob plant
  2330 | D        | Killed an oklob plant
  2373 | D        | Received a gift from Trog
  2375 | D        | Reached ****** piety under Trog
  2506 | D        | Received a gift from Trog
  2527 | D        | Killed an unseen horror
  2528 | D        | Reached skill level 20 in Unarmed Combat
  2534 | D        | Killed an unseen horror
  2542 | D        | Received a gift from Trog
  2749 | D        | Reached XP level 12. HP: 144/147 MP: 11/11
  2849 | D        | Found Avveashru's Armour Shoppe.
  2849 | D        | Found Fiaso's Antique Weapon Shop.
  2849 | D        | Found Bacwotod's Armour Boutique.
  2851 | D        | Found Tedal's Magic Scroll Emporium.
  2851 | D        | Found Ohiocw's Distillery.
  2851 | D        | Found Luwkify's Armour Shoppe.
  2851 | D        | Found Migisaj's Magic Scroll Boutique.
  2851 | D        | Found Kuffoest's Antique Weapon Emporium.
  2851 | D        | Found Syhempad's General Store.
  2851 | D        | Found Jaraom's Distillery.
  2852 | D        | Found Healur's Antique Armour Boutique.
  2853 | D        | Found Pionyh's Antique Armour Emporium.
  2853 | D        | Found Olyuq's Gadget Boutique.
  2854 | D        | Found Hyaff's Magic Scroll Emporium.
  2864 | D        | Bought a wand of digging (3) for 168 gold pieces
  2883 | D        | Bought a scroll of blinking for 97 gold pieces
  3080 | D        | Bought a potion of might for 40 gold pieces
  3094 | D        | Bought a phantom mirror for 480 gold pieces
  3210 | D        | Identified the +4 dragonskin cloak
  3210 | D        | Noticed Tiamat
  3231 | D        | HP: 6/220 [Tiamat/+6 demon trident of venom (23)]
  3234 | D        | Annihilated by Tiamat

Illustrated notes

Levels and vault maps discovered:
D:        dungeon_sprint_1 [red_sonja_temple_1, red_sonja_temple_small_1]

Skill      XL: |  1  2  3  4  5  6  7  8  9 10 11 |
---------------+----------------------------------+-----
Fighting       | 4 6 7 8 9 11 12 13 15 17 | 17.5
Unarmed Combat | 5 7 9 11 12 14 16 18 20 | 20.2
Dodging        | |  2.4

Action                   |  1- 3 |  4- 6 |  7- 9 | 10-12 || total
-------------------------+-------+-------+-------+-------++-------
Melee: Unarmed           |    17 |    12 |    59 |    93 ||   181
       Punch             |     1 |     1 |     5 |     8 ||    15
Invok: Berserk           |     2 |     3 |     4 |    11 ||    20
       Brothers in Arms  |       |       |     1 |     2 ||     3
Evoke: Wand              |       |       |       |     1 ||     1
       Phantom mirror    |       |       |       |     1 ||     1
  Use: Potion            |       |       |       |     2 ||     2
 Stab: Sleeping          |       |       |       |     1 ||     1
Armor: Animal skin       |     2 |     1 |    16 |    16 ||    35
       Robe              |       |       |       |     2 ||     2
Dodge: Dodged            |     5 |     2 |    22 |    27 ||    56

Table legend: (Time is in decaauts)
 A = Elapsed time spent in this place.
 B = Non-inter-level travel time spent in this place.
 C = Inter-level travel time spent in this place.
 D = Time resting spent in this place.
 E = Time spent auto-exploring this place.
 F = Levels seen in this place.
 G = Mean time per level.
                   A        B        C        D        E       F      G
               +--------+--------+--------+--------+--------+-----+--------+
         Total |   3367 |   3294 |     73 |   2503 |      0 |   1 | 3367.0 |
       Dungeon |   3367 |   3294 |     73 |   2503 |      0 |   1 | 3367.0 |
               +--------+--------+--------+--------+--------+-----+--------+

Top non-repeatable levels by time:
       D: 3367 daAuts
